 Dungeon Crawl Stone Soup version 0.31-a0-795-g5eb97db20b (webtiles) character file.

Game seed: 3694551630835946198

2746 javelincjr the Magician (level 9, 0/57 HPs)
             Began as a Demonspawn Hedge Wizard on Sept 18, 2023.
             Was an Initiate of Vehumet.
             Slain by a hornet (15 damage)
             ... on level 7 of the Dungeon.
             The game lasted 00:33:41 (6629 turns).

javelincjr the Magician (Demonspawn Hedge Wizard)   Turns: 6629, Time: 00:33:42

Health: 0/57       AC:  4    Str: 11    XL:     9   Next: 41%
Magic:  15/18      EV: 13    Int: 19    God:    Vehumet [......]
Gold:   258        SH:  0    Dex: 13    Spells: 12/20 levels left

rFire   + . .        x - +3 quarterstaff (chaos)
rCold   . . .        (shield currently unavailable)
rNeg    . . .        b - +0 robe
rPois   .            c - +0 hat
rElec   .            y - +0 cloak {Will+}
rCorr   .            (no gloves)
SInv    .            D - +0 pair of boots
Will    +....        (no amulet)
Stlth   +++          z - +4 ring of slaying
HPRegen 0.29/turn    M - ring of protection from fire
MPRegen 0.16/turn

%: no passive effects
@: lethally poisoned (0 -> -6), slowed, very slow
A: horns 1, ignite blood 2, spiny 3, demonic touch 1
a: Renounce Religion


You were on level 7 of the Dungeon.
You worshipped Vehumet.
Vehumet was noncommittal.
You visited 2 branches of the dungeon, and saw 8 of its levels.

You collected 354 gold pieces.
You spent 96 gold pieces at shops.

Inventory:

Hand Weapons
 a - a +2 trident of draining
 k - a +0 dagger of venom
 q - a +1 dagger of electrocution
 x - a +3 quarterstaff of chaos (weapon)
Missiles
 H - 4 silver javelins
Armour
 b - a +0 robe (worn)
 c - a +0 hat (worn)
 p - an orb of mayhem
 t - a +2 chain mail of poison resistance
 y - a +0 cloak of willpower (worn)
 D - a +0 pair of boots (worn)
 K - a +0 cloak
 P - a +0 troll leather armour
Magical Staves
 v - a staff of earth
Jewellery
 z - a +4 ring of slaying (left hand)
 M - a ring of protection from fire (right hand)
Wands
 w - a wand of flame (41)
Scrolls
 g - a scroll of torment {unknown}
 h - 2 scrolls of identify {unknown}
 j - 2 scrolls of acquirement {unknown}
 l - 3 scrolls of enchant weapon {unknown}
 o - 5 scrolls of teleportation {unknown}
 r - 3 scrolls of enchant armour {unknown}
 B - 3 scrolls of amnesia {unknown}
 C - 2 scrolls of poison {unknown}
 E - 2 scrolls of revelation {unknown}
 G - 2 scrolls of noise {unknown}
 I - 2 scrolls of fear {unknown}
 O - a scroll of blinking {unknown}
Potions
 d - 2 potions of magic
 e - a potion of heal wounds
 f - a potion of enlightenment {unknown}
 i - a potion of mutation {unknown}
 m - 2 potions of brilliance {unknown}
 n - 2 potions of ambrosia {unknown}
 s - a potion of resistance {unknown}
 u - 2 potions of degeneration {unknown}
 A - 7 potions of curing
 F - 2 potions of might {unknown}
 J - a potion of berserk rage {unknown}
 L - a potion of attraction
 N - a potion of lignification {unknown}


   Skills:
 + Level 5.0 Dodging
 + Level 5.5 Stealth
 * Level 6.2 Spellcasting
 + Level 5.0 Conjurations
 + Level 5.0 Summonings
 + Level 4.5 Translocations


You had 12 spell levels left.
You knew the following spells:

 Your Spells              Type           Power      Damage    Failure   Level
a - Magic Dart            Conj           100%       1d8       1%          1
b - Call Imp              Summ           50%        N/A       1%          2
c - Passwall              Tmut/Erth      4%         N/A       17%         2
d - Stone Arrow           Conj/Erth      30%        3d8       12%         3

Your spell library contained the following spells:

 Spells                   Type           Power      Damage    Failure   Level
 Blink                    Tloc           46%        N/A       2%          2
 Sandblast                Erth           10%        2d5       11%         1
 Slow                     Hex            20%        N/A       11%         1
 Mephitic Cloud           Conj/Pois/Air  12%        N/A       16%         3
 Cigotuvi's Dreadful Rot  Necr/Pois/Air  10%        N/A       17%         2
 Frozen Ramparts          Ice            10%        1d2       32%         3
 Brom's Barrelling Bould  Conj/Erth      15%        2d4       36%         4
 Petrify                  Tmut/Erth      5%         N/A       73%         4
 Metabolic Englaciation   Hex/Ice        2%         N/A       97%         5
 Conjure Ball Lightning   Conj/Air       7%         3x3d6     99%         6
 Discord                  Hex            2%         N/A       100%        8
 Disjunction              Tloc           11%        N/A       100%        8


Dungeon Overview and Level Annotations

Branches:
Dungeon (7/15)             Temple (1/1) D:4

Altars:
Ashenzari
Cheibriados
Dithmenos
Fedhas
Gozag
Hepliaklqana
Kikubaaqudgha
Makhleb
Nemelex Xobeh
Okawaru
Ru
Sif Muna
Trog
Uskayaw
Vehumet
Wu Jian
Xom
Yredelemnul

Shops:
D:2 :   D:3 :   D:4 *   D:5 (![**


Innate Abilities, Weirdness & Mutations

You have a pair of small horns on your head.
Your demonic aura often causes spilled blood to erupt in flames.
You are completely covered in sharp spines.
Your touch may inflict minor irresistible damage on your foes.


Message History

The troll is almost dead.
The troll is struck by your spines.
You kill the troll!
Vehumet accepts your kill.
The troll leather armour is intact enough to wear.
Your Dodging skill increases to level 5!
Your Conjurations skill increases to level 5!
Your Summonings skill increases to level 5!
Things that are here:
a +0 troll leather armour; a troll corpse
P - a +0 troll leather armour You start removing your armour.
You continue taking off your +0 cloak. x4
Your cerulean imp completely misses the hornet.
You finish taking off your +0 cloak.
You start putting on your armour.
You continue putting on your +0 cloak of willpower.
Your cerulean imp hits the hornet with a -2 spear.
You continue putting on your +0 cloak of willpower.
Your cerulean imp hits the hornet with a -2 spear.
You continue putting on your +0 cloak of willpower.
The hornet barely misses you.
Your cerulean imp closely misses the hornet.
You continue putting on your +0 cloak of willpower.
The hornet barely misses you.
Your cerulean imp misses the hornet.
You continue putting on your +0 cloak of willpower.
The hornet is struck by your spines. The hornet barely misses you.
Your cerulean imp closely misses the hornet.
The hornet stings you!
You are poisoned.
You feel yourself slow down.
You finish putting on your +0 cloak of willpower.
You feel strong-willed.
You barely miss the hornet.
The hornet is moderately wounded.
You feel very sick. The hornet is struck by your spines. The hornet stings you!
* * * LOW HITPOINT WARNING * * *
You feel as though you will be slow longer.
The hornet stings you!
You die...

..........##### #####
..........# .####
.........##########....#
######...#.............
#...#.........#
##...#.........+
#....#......[..#
#....'.........#
#....#......@..#
#....#......y..#
#....#.........#
##...#.....5...#
#...#.$.......#
#...#.........#
#...+.........#
#...#.........#
#####.........#


You could see a hornet (ally target) and a friendly cerulean imp (summoned).

Vanquished Creatures
  Jeremiah (D:7)
  A troll (D:7)
  4 yaks
  A steam dragon (D:5)
  A sky beast (D:7)
  A black bear (D:5)
  An ice beast (D:7)
  4 ogres
  A centaur (D:6)
  2 scorpions
  A howler monkey (D:7)
  3 jellies (D:6)
  A hound (D:6)
  3 orc priests
  Crazy Yiuf (D:3)
  2 sleepcaps (D:5)
  Jessica (D:3)
  4 iguanas
  An orc wizard (D:4)
  Robin (D:3)
  11 adders
  3 gnolls (D:7)
  2 worms
  A dart slug (D:3)
  17 orcs
  7 bats
  13 endoplasms
  2 giant cockroaches
  8 hobgoblins
  3 quokkas
  12 ball pythons
  4 frilled lizards
  23 goblins
  3 kobolds
  3 rats
147 creatures vanquished.

Vanquished Creatures (collateral kills)
  A jelly (D:5)
  An orc (D:4)
2 creatures vanquished.

Vanquished Creatures (others)
  An orc wizard (D:3)
1 creature vanquished.

Grand Total: 150 creatures vanquished

Notes
Turn   | Place    | Note
-------+----------+-------------------------------------------
     0 | D:1      | javelincjr the Demonspawn Hedge Wizard began the quest for
                  | the Orb.
     0 | D:1      | Reached XP level 1. HP: 13/13 MP: 4/4
   108 | D:1      | Reached skill level 1 in Translocations
   223 | D:1      | Gained mutation: You are partially covered in sharp spines.
                  | [demonic ancestry]
   223 | D:1      | Reached XP level 2. HP: 19/19 MP: 1/6
   895 | D:2      | Gained mutation: You are mostly covered in sharp spines.
                  | [demonic ancestry]
   895 | D:2      | Reached XP level 3. HP: 24/24 MP: 5/7
  1490 | D:2      | Found a faded altar of an unknown god.
  1568 | D:2      | Reached XP level 4. HP: 30/30 MP: 3/9
  1844 | D:2      | Found Oparrowi's Book Boutique.
  2203 | D:3      | Noticed Robin
  2216 | D:3      | Killed Robin
  2378 | D:3      | Found Ketir's Book Shoppe.
  2521 | D:3      | Gained mutation: Your demonic aura sometimes causes spilled
                  | blood to erupt in flames. [demonic ancestry]
  2521 | D:3      | Reached XP level 5. HP: 29/35 MP: 10/10
  2608 | D:3      | Noticed Jessica
  2616 | D:3      | Killed Jessica
  3013 | D:3      | Found a runed translucent door.
  3014 | D:3      | Noticed Crazy Yiuf
  3085 | D:3      | Learned a level 2 spell: Call Imp
  3088 | D:3      | Learned a level 2 spell: Passwall
  3116 | D:3      | HP: 1/35 [Crazy Yiuf/puff of flame (7)]
  3122 | D:3      | Killed Crazy Yiuf
  3123 | D:3      | Discovered your monstrous ancestry.
  3123 | D:3      | Gained mutation: You have a pair of small horns on your
                  | head. [demonic ancestry]
  3123 | D:3      | Reached XP level 6. HP: 3/41 MP: 1/11
  3565 | D:4      | Found a staircase to the Ecumenical Temple.
  3587 | Temple   | Entered the Ecumenical Temple
  3849 | D:4      | Found Meqemn's Serpentskin Sales.
  4201 | D:4      | Reached skill level 4 in Spellcasting
  4541 | D:5      | Entered Level 5 of the Dungeon
  4817 | D:5      | Found Eblopn's Weapon Emporium.
  4920 | D:5      | Found Toinec's Armour Shop.
  4925 | D:5      | Found Ufuit Volia's General Store.
  4947 | D:5      | Gained mutation: You are completely covered in sharp
                  | spines. [demonic ancestry]
  4947 | D:5      | Reached XP level 7. HP: 22/46 MP: 10/13
  4978 | D:5      | Noticed a steam dragon
  4982 | D:5      | HP: 2/46 [something] (15)]
  4987 | D:5      | Killed a steam dragon
  5211 | D:5      | Found Nyclonk's Distillery.
  5223 | D:5      | Bought a potion of curing for 36 gold pieces
  5223 | D:5      | Bought a potion of heal wounds for 60 gold pieces
  5341 | D:5      | Found Holoinka's General Store.
  5624 | D:5      | Gained mutation: Your demonic aura often causes spilled
                  | blood to erupt in flames. [demonic ancestry]
  5624 | D:5      | Reached XP level 8. HP: 39/52 MP: 14/14
  5819 | D:6      | Found a snail-covered altar of Cheibriados.
  6084 | D:6      | Reached skill level 5 in Spellcasting
  6305 | D:7      | Found a shimmering blue altar of Sif Muna.
  6355 | D:7      | Noticed Jeremiah
  6358 | D:7      | Noticed a hornet
  6374 | D:7      | Killed Jeremiah
  6424 | D:7      | Reached skill level 5 in Stealth
  6438 | D:7      | Found a basalt altar of Yredelemnul.
  6443 | D:7      | Found an iron altar of Okawaru.
  6443 | D:7      | Found a radiant altar of Vehumet.
  6443 | D:7      | Found a hide-covered altar of Uskayaw.
  6443 | D:7      | Found a sacrificial altar of Ru.
  6452 | D:7      | Became a worshipper of Vehumet
  6470 | D:7      | Gained mutation: Your touch may inflict minor irresistible
                  | damage on your foes. [demonic ancestry]
  6470 | D:7      | Reached XP level 9. HP: 46/57 MP: 11/17
  6483 | D:7      | Reached skill level 6 in Spellcasting
  6499 | D:7      | Learned a level 3 spell: Stone Arrow
  6499 | D:7      | Noticed a troll
  6616 | D:7      | Killed a troll
  6617 | D:7      | Reached skill level 5 in Dodging
  6617 | D:7      | Reached skill level 5 in Conjurations
  6617 | D:7      | Reached skill level 5 in Summonings
  6629 | D:7      | Slain by a hornet

Illustrated notes

Levels and vault maps discovered:
D:1:      dpeg_arrival_leaves_temple_mockup, layout_basic, nrook_campfire
D:2:      layout_loops_corners, shapermc_ecumenical_altar_gd, serial_shops, shop
D:3:      layout_loops_ring, serial_shops, shop, due_unseen_surprise,
          uniq_robin, uniq_jessica, uniq_crazy_yiuf_cottage
D:4:      layout_gridville, minmay_temple_entry_offerings, guppyfry_shop_venom
D:5:      layout_loops_ring, serial_shops, nicolae_shop_crystal,
          nicolae_shop_hallway_stairs, shop, shop, nicolae_square_shop
D:6:      layout_cave_pools, mainiacjoe_overflow_catwalk
D:7:      layout_gridville, nicolae_sif_muna_condensation,
          nicolae_qazlal_general_emergency, minitemple, serial_shops,
          shop_statue, lightli_ossuary_entry_decrepit_ruins,
          uniq_prince_ribbit1, uniq_jeremiah
Temple:   compressed_dpeg_triangle_lava_temple

Skill      XL: |  1  2  3  4  5  6  7  8  9 |
---------------+----------------------------+-----
Translocations | 1 2 3 4 |  4.5
Stealth        | 2 3 4 5 |  5.5
Dodging        | 2 3 4 5 |  5.0
Conjurations   | 2 3 4 5 |  5.0
Summonings     | 2 3 4 5 |  5.0
Spellcasting   | 4 5 6 |  6.2

Action                     |  1- 3 |  4- 6 |  7- 9 || total
---------------------------+-------+-------+-------++-------
  Melee: Dagger            |    86 |    79 |       ||   165
         Punch             |       |     1 |       ||     1
         Quarterstaff      |       |    32 |    48 ||    80
         Headbutt          |       |     2 |    11 ||    13
   Cast: Magic Dart        |    50 |    86 |    22 ||   158
         Call Imp          |       |    10 |    11 ||    21
         Passwall          |       |     2 |       ||     2
         Stone Arrow       |       |       |     5 ||     5
    Use: Potion            |       |       |     1 ||     1
   Stab: Sleeping          |     2 |     5 |       ||     7
 Armour: Robe              |    57 |    44 |    32 ||   133
  Dodge: Dodged            |    64 |    52 |    31 ||   147

Table legend: (Time is in decaauts)
 A = Elapsed time spent in this place.
 B = Non-inter-level travel time spent in this place.
 C = Inter-level travel time spent in this place.
 D = Time resting spent in this place.
 E = Time spent auto-exploring this place.
 F = Levels seen in this place.
 G = Mean time per level.
                   A        B        C        D        E       F      G
               +--------+--------+--------+--------+--------+-----+--------+
         Total |   6652 |   6389 |    263 |    370 |   4689 |   8 |  831.5 |
       Dungeon |   6600 |   6337 |    263 |    370 |   4689 |   7 |  942.9 |
        Temple |     51 |     51 |      0 |      0 |      0 |   1 |   51.0 |
               +--------+--------+--------+--------+--------+-----+--------+

Top non-repeatable levels by time:
     D:2: 1365 daAuts
     D:3: 1295 daAuts
     D:5: 1147 daAuts
     D:4: 1023 daAuts
     D:1: 809 daAuts
     D:6: 754 daAuts
     D:7: 205 daAuts
  Temple: 51 daAuts
